| TOP OF THE 1ST |
|
Fargo Brewmasters batting - Pitching for Williston Water Wolves : RHP Mike Warren
|
|
Pitching: RHP Mike Warren
|
|
|
Batting: SHB Angel Escobar
|
0-0: Fly out, F8 (Flyball, 8RD, EV 100.6 MPH)
|
|
Batting: LHB Victor Fernandez
|
0-0: Ground out 3-1 (Groundball, 34S, EV 81.3 MPH)
|
|
Batting: RHB Forace Oxendine
|
0-0: Called Strike 0-1: Called Strike 0-2: Ball 1-2: Foul Ball, location: 2F 1-2: Fly out, F9 (Flyball, 9S, EV 85.0 MPH)
|
| Top of the 1st over - 0 runs, 0 hits, 0 errors, 0 left on base; Fargo 0 - Williston 0 |
| BOTTOM OF THE 1ST |
|
Williston Water Wolves batting - Pitching for Fargo Brewmasters : RHP Alex Maldonado
|
|
Pitching: RHP Alex Maldonado
|
|
|
Batting: LHB John Mitchell
|
0-0: Ball 1-0: Ball 2-0: Ball 3-0: Base on Balls
|
|
Batting: RHB Alexis Rendon
|
0-0: Ball 1-0: Ball 2-0: Foul Ball, location: 2F 2-1: Swinging Strike 2-2: Fielders Choice at 2nd, 4-6 (Groundball, 4, EV 101.3 MPH)
|
|
Batting: RHB Pat Jelks
|
Pickoff Throw to First - Error! E1 Alexis Rendon to second 0-0: Ball 1-0: Called Strike 1-1: Foul Ball, location: 2F 1-2: Ball 2-2: Ball 3-2: Foul Ball, location: 2F 3-2: Foul Ball, location: 2F 3-2: Base on Balls
|
|
Batting: RHB Tom Pagnozzi
|
0-0: Ball 1-0: Foul Ball, location: 2F 1-1: Ball 2-1: SINGLE (Line Drive, 7S, EV 101.9 MPH) Alexis Rendon to third Pat Jelks to second
|
|
Batting: RHB Pat Borders
|
0-0: Foul Ball, location: 2F 0-1: SINGLE (Groundball, 25, EV 67.5 MPH) (infield hit) Alexis Rendon scores Pat Jelks to third Tom Pagnozzi to second
|
|
Batting: SHB Devon White
|
0-0: Called Strike 0-1: Ball 1-1: Fielders Choice at 2nd, 4-6 (Groundball, 34D, EV 101.3 MPH) Pat Jelks scores Tom Pagnozzi to third
|
|
Batting: RHB Jim Vest
|
0-0: Called Strike 0-1: Swinging Strike 0-2: Strikes out looking
|
| Bottom of the 1st over - 2 runs, 2 hits, 1 error, 2 left on base; Fargo 0 - Williston 2 |
| TOP OF THE 2ND |
|
Fargo Brewmasters batting - Pitching for Williston Water Wolves : RHP Mike Warren
|
|
Batting: RHB Dick E Scott
|
0-0: Called Strike 0-1: Ball 1-1: Called Strike 1-2: Ground out 4-3 (Groundball, 4MD, EV 102.5 MPH)
|
|
Batting: RHB Gus Polidor
|
0-0: Ball 1-0: SINGLE (Groundball, 56D, EV 103.1 MPH)
|
|
Batting: RHB Juan Picart
|
0-0: Ball 1-0: Swinging Strike 1-1: Fielders Choice at 2nd, 4-6 (Groundball, 4, EV 83.1 MPH)
|
|
Batting: SHB Elton Hooker
|
0-0: Ball 1-0: Ball Juan Picart is caught stealing 2nd base 2-6
|
| Top of the 2nd over - 0 runs, 1 hit, 0 errors, 0 left on base; Fargo 0 - Williston 2 |
| BOTTOM OF THE 2ND |
|
Williston Water Wolves batting - Pitching for Fargo Brewmasters : RHP Alex Maldonado
|
|
Batting: SHB Mark Wright
|
0-0: Ball 1-0: Reached on error, E1 (Groundball, 15S, EV 65.0 MPH)
|
|
Batting: RHB Jose Lind
|
0-0: DOUBLE (Line Drive, 5D, EV 106.3 MPH) Mark Wright scores
|
|
Batting: LHB John Mitchell
|
0-0: Foul Ball, location: 2F 0-1: Ball Jose Lind steals 3rd base 1-1: Reached on error, E6 (Groundball, 6M, EV 89.4 MPH) Jose Lind scores
|
|
Batting: RHB Alexis Rendon
|
0-0: Called Strike 0-1: Fly out, F8 (Flyball, 8RXD, EV 100.0 MPH)
|
|
Batting: RHB Pat Jelks
|
0-0: Swinging Strike 0-1: Ball 1-1: Ball 2-1: Ball 3-1: Base on Balls John Mitchell to second
|
|
Batting: RHB Tom Pagnozzi
|
0-0: Grounds into double play, 6-4-3 (Groundball, 6M, EV 86.3 MPH)
|
| Bottom of the 2nd over - 2 runs, 1 hit, 2 errors, 1 left on base; Fargo 0 - Williston 4 |
| TOP OF THE 3RD |
|
Fargo Brewmasters batting - Pitching for Williston Water Wolves : RHP Mike Warren
|
|
Batting: SHB Elton Hooker
|
0-0: Ball 1-0: Foul Ball, location: 2F 1-1: Called Strike 1-2: Ground out 4-3 (Groundball, 34, EV 78.1 MPH)
|
|
Batting: RHB Adolph Crump
|
0-0: Ball 1-0: Fly out, F8 (Line Drive, 8LM, EV 92.5 MPH)
|
|
Batting: RHB Randall Thorpe
|
0-0: Ball 1-0: SINGLE (Flyball, 4MD, EV 83.8 MPH)
|
|
Batting: SHB Angel Escobar
|
0-0: Called Strike 0-1: Ball 1-1: SINGLE (Flyball, 5D, EV 89.4 MPH) Randall Thorpe to second
|
|
Batting: LHB Victor Fernandez
|
0-0: Ball 1-0: SINGLE (Groundball, 6MD, EV 102.5 MPH) Randall Thorpe to third Angel Escobar to second Runner from 3rd tries for Home, SAFE, throw by CF to home
|
|
Batting: RHB Forace Oxendine
|
0-0: Ball 1-0: Ground out 4-3 (Groundball, 4, EV 76.9 MPH)
|
| Top of the 3rd over - 1 run, 3 hits, 0 errors, 2 left on base; Fargo 1 - Williston 4 |
| BOTTOM OF THE 3RD |
|
Williston Water Wolves batting - Pitching for Fargo Brewmasters : RHP Alex Maldonado
|
|
Batting: RHB Pat Borders
|
0-0: Ball 1-0: Ground out 5-3 (Groundball, 5S, EV 85.0 MPH)
|
|
Batting: SHB Devon White
|
0-0: Ball 1-0: SINGLE (Groundball, P, EV 77.5 MPH) (infield hit)
|
|
Batting: RHB Jim Vest
|
0-0: Ball Devon White steals 2nd base 1-0: Foul Ball, location: 2F 1-1: Swinging Strike 1-2: Fly out, F8 (Flyball, 8LS, EV 86.3 MPH)
|
|
Batting: SHB Mark Wright
|
0-0: Swinging Strike 0-1: Ball 1-1: Foul Ball, location: 2F 1-2: DOUBLE (Line Drive, 9LM, EV 101.9 MPH) Devon White scores
|
|
Batting: RHB Jose Lind
|
0-0: Ball 1-0: Foul Ball, location: 2F 1-1: Ground out 6-3 (Groundball, 6, EV 88.8 MPH)
|
| Bottom of the 3rd over - 1 run, 2 hits, 0 errors, 1 left on base; Fargo 1 - Williston 5 |
| TOP OF THE 4TH |
|
Fargo Brewmasters batting - Pitching for Williston Water Wolves : RHP Mike Warren
|
|
Batting: RHB Dick E Scott
|
0-0: Ball 1-0: Ball 2-0: Ball 3-0: Called Strike 3-1: Foul Ball, location: 2F 3-2: Foul Ball, location: 2F 3-2: Strikes out looking
|
|
Batting: RHB Gus Polidor
|
0-0: Ball 1-0: Foul Ball, location: 2F 1-1: Fly out, F8 (Flyball, 8LD, EV 94.4 MPH)
|
|
Batting: RHB Juan Picart
|
0-0: Called Strike 0-1: Reached on error, E6 (Groundball, 6S, EV 62.5 MPH)
|
|
Batting: SHB Elton Hooker
|
0-0: Called Strike 0-1: Foul Ball, location: 2F 0-2: Ball 1-2: Ball 2-2: Ground out 4-3 (Groundball, 34, EV 108.1 MPH)
|
| Top of the 4th over - 0 runs, 0 hits, 1 error, 1 left on base; Fargo 1 - Williston 5 |
| BOTTOM OF THE 4TH |
|
Williston Water Wolves batting - Pitching for Fargo Brewmasters : RHP Alex Maldonado
|
|
Batting: LHB John Mitchell
|
0-0: Foul Ball, location: 2F 0-1: Hit by Pitch
|
|
Batting: RHB Alexis Rendon
|
0-0: Ball 1-0: SINGLE (Line Drive, 4MD, EV 108.1 MPH) John Mitchell to second
|
|
Batting: RHB Pat Jelks
|
0-0: Ball 1-0: Fly out, F8 (Line Drive, 8RM, EV 90.6 MPH)
|
|
Batting: RHB Tom Pagnozzi
|
0-0: Ball 1-0: Ball John Mitchell is caught stealing 3rd base 2-5 2-0: Called Strike 2-1: SINGLE (Line Drive, 8LS, EV 106.9 MPH) Alexis Rendon to second Runner from 2nd tries for 3rd, SAFE, no throw by CF
|
|
Batting: RHB Pat Borders
|
0-0: Ball 1-0: Fielders Choice at 2nd, 6-4 (Groundball, 6, EV 77.5 MPH)
|
| Bottom of the 4th over - 0 runs, 2 hits, 0 errors, 2 left on base; Fargo 1 - Williston 5 |
| TOP OF THE 5TH |
|
Fargo Brewmasters batting - Pitching for Williston Water Wolves : RHP Mike Warren
|
|
Batting: RHB Adolph Crump
|
0-0: Called Strike 0-1: Foul Ball, location: 2F 0-2: DOUBLE (Flyball, 8LXD, EV 115.6 MPH)
|
|
Batting: RHB Randall Thorpe
|
0-0: Ball 1-0: Swinging Strike 1-1: Ball 2-1: Ball 3-1: Called Strike 3-2: Foul Ball, location: 2F 3-2: Fly out, F7 (Flyball, 7, EV 88.8 MPH)
|
|
Batting: SHB Angel Escobar
|
0-0: Swinging Strike 0-1: Ball 1-1: Swinging Strike 1-2: Strikes out swinging
|
|
Batting: LHB Victor Fernandez
|
0-0: Swinging Strike 0-1: Swinging Strike 0-2: Foul Ball, location: 2F 0-2: Strikes out looking
|
| Top of the 5th over - 0 runs, 1 hit, 0 errors, 1 left on base; Fargo 1 - Williston 5 |
| BOTTOM OF THE 5TH |
|
Williston Water Wolves batting - Pitching for Fargo Brewmasters : RHP Alex Maldonado
|
|
Batting: SHB Devon White
|
0-0: Ball 1-0: Ball 2-0: Ball 3-0: Called Strike 3-1: Swinging Strike 3-2: Base on Balls
|
|
Batting: RHB Jim Vest
|
0-0: Ball 1-0: Ball 2-0: Ball 3-0: Called Strike 3-1: Base on Balls Devon White to second
|
|
Batting: SHB Mark Wright
|
0-0: Ball 1-0: Foul Ball, location: 2F 1-1: Called Strike 1-2: Fielders Choice at 2nd, 3-6 (Groundball, 3, EV 83.1 MPH) Devon White to third
|
|
Batting: RHB Jose Lind
|
0-0: Foul Ball, location: 2F 0-1: Ball 1-1: Ball 2-1: Ground out 3-1 (Groundball, 34S, EV 85.0 MPH) Devon White scores Mark Wright to second
|
|
Batting: LHB John Mitchell
|
0-0: Swinging Strike 0-1: Swinging Strike 0-2: Strikes out swinging
|
| Bottom of the 5th over - 1 run, 0 hits, 0 errors, 1 left on base; Fargo 1 - Williston 6 |
| TOP OF THE 6TH |
|
Fargo Brewmasters batting - Pitching for Williston Water Wolves : RHP Mike Warren
|
|
Batting: RHB Forace Oxendine
|
0-0: Ball 1-0: Ground out 3-1 (Groundball, 34S, EV 83.1 MPH)
|
|
Batting: RHB Dick E Scott
|
0-0: Called Strike 0-1: Called Strike 0-2: Ball 1-2: Strikes out swinging
|
|
Batting: RHB Gus Polidor
|
0-0: Ball 1-0: Ball 2-0: Called Strike 2-1: DOUBLE (Line Drive, 78M, EV 90.6 MPH)
|
|
Batting: RHB Juan Picart
|
0-0: Ball 1-0: Foul Ball, location: 2F 1-1: Swinging Strike 1-2: Strikes out looking
|
| Top of the 6th over - 0 runs, 1 hit, 0 errors, 1 left on base; Fargo 1 - Williston 6 |
| BOTTOM OF THE 6TH |
|
Williston Water Wolves batting - Pitching for Fargo Brewmasters : RHP Alex Maldonado
|
|
Pitching: LHP Michael Bradley
|
|
|
Batting: RHB Alexis Rendon
|
0-0: Fly out, F8 (Flyball, 8LD, EV 76.9 MPH)
|
|
Batting: RHB Pat Jelks
|
0-0: Ball 1-0: Ball 2-0: Ball 3-0: Called Strike 3-1: Called Strike 3-2: DOUBLE (Line Drive, 7LD, EV 104.4 MPH)
|
|
Batting: RHB Tom Pagnozzi
|
0-0: Swinging Strike 0-1: Ball 1-1: SINGLE (Groundball, 34D, EV 103.1 MPH) Pat Jelks to third Runner from 3rd tries for Home, SAFE, throw by RF to home
|
|
Batting: RHB Pat Borders
|
0-0: Fielders Choice at 2nd, 6-4 (Groundball, 6M, EV 78.1 MPH)
|
|
Batting: SHB Devon White
|
0-0: Foul Ball, location: 2F 0-1: Foul Ball, location: 2F 0-2: SINGLE (Groundball, 6MD, EV 95.6 MPH) Pat Borders to second
|
|
Batting: RHB Jim Vest
|
0-0: Ball 1-0: Foul Ball, location: 2F 1-1: Foul Ball, location: 2F 1-2: Fly out, F4 (Popup, 34S, EV 75.6 MPH)
|
| Bottom of the 6th over - 1 run, 3 hits, 0 errors, 2 left on base; Fargo 1 - Williston 7 |
| TOP OF THE 7TH |
|
Fargo Brewmasters batting - Pitching for Williston Water Wolves : RHP Mike Warren
|
|
Batting: SHB Elton Hooker
|
0-0: Ball 1-0: Ball 2-0: Foul Ball, location: 2F 2-1: Fly out, F9 (Flyball, 9LS, EV 87.5 MPH)
|
|
Batting: RHB Adolph Crump
|
0-0: Fly out, F9 (Flyball, 9LM, EV 78.8 MPH)
|
|
Batting: RHB Randall Thorpe
|
0-0: Ball 1-0: Ground out 5-3 (Groundball, 56, EV 91.9 MPH)
|
| Top of the 7th over - 0 runs, 0 hits, 0 errors, 0 left on base; Fargo 1 - Williston 7 |
| BOTTOM OF THE 7TH |
|
Williston Water Wolves batting - Pitching for Fargo Brewmasters : LHP Michael Bradley
|
|
Batting: SHB Mark Wright
|
0-0: Foul Ball, location: 2F 0-1: Foul Ball, location: 2F 0-2: Ball 1-2: Fly out, F8 (Flyball, 8LS, EV 94.4 MPH)
|
|
Batting: RHB Jose Lind
|
0-0: Ball 1-0: Fly out, F9 (Flyball, 9D, EV 83.1 MPH)
|
|
Batting: LHB John Mitchell
|
0-0: Foul Ball, location: 2F 0-1: Foul Ball, location: 2F 0-2: Ball 1-2: SINGLE (Groundball, 6M, EV 103.8 MPH) (infield hit)
|
|
Batting: RHB Alexis Rendon
|
0-0: Ball 1-0: Called Strike John Mitchell steals 2nd base 1-1: Foul Ball, location: 2F 1-2: Ball 2-2: Foul Ball, location: 2F 2-2: Strikes out looking
|
| Bottom of the 7th over - 0 runs, 1 hit, 0 errors, 1 left on base; Fargo 1 - Williston 7 |
| TOP OF THE 8TH |
|
Fargo Brewmasters batting - Pitching for Williston Water Wolves : RHP Mike Warren
|
|
Batting: SHB Angel Escobar
|
0-0: Ball 1-0: Foul Ball, location: 2F 1-1: Foul Ball, location: 2F 1-2: Ball 2-2: Ball 3-2: Foul Ball, location: 2F 3-2: Base on Balls
|
|
Batting: LHB Victor Fernandez
|
0-0: Ball 1-0: Ball 2-0: Called Strike 2-1: Foul Ball, location: 2F 2-2: Grounds into double play, 6-4-3 (Groundball, 6, EV 98.8 MPH)
|
|
Batting: RHB Forace Oxendine
|
0-0: Called Strike 0-1: SINGLE (Line Drive, 8RS, EV 90.6 MPH)
|
|
Batting: RHB Dick E Scott
|
0-0: Called Strike 0-1: Ball 1-1: Fly out, F7 (Line Drive, 7D, EV 103.8 MPH)
|
| Top of the 8th over - 0 runs, 1 hit, 0 errors, 1 left on base; Fargo 1 - Williston 7 |
| BOTTOM OF THE 8TH |
|
Williston Water Wolves batting - Pitching for Fargo Brewmasters : LHP Michael Bradley
|
|
Batting: RHB Pat Jelks
|
0-0: Ball 1-0: Foul Ball, location: 2F 1-1: Foul Ball, location: 2F 1-2: Ball 2-2: Foul Ball, location: 2F 2-2: Ground out 6-3 (Groundball, 6, EV 81.9 MPH)
|
|
Batting: RHB Tom Pagnozzi
|
0-0: Ball 1-0: Ball 2-0: Called Strike 2-1: Ball 3-1: Base on Balls
|
|
Pitching: RHP Vinny Bedoya
|
|
|
Batting: RHB Pat Borders
|
0-0: Ball 1-0: Called Strike 1-1: Ball 2-1: Ball 3-1: Swinging Strike 3-2: Foul Ball, location: 2F 3-2: Base on Balls Tom Pagnozzi to second
|
|
Batting: SHB Devon White
|
0-0: Called Strike 0-1: Ball 1-1: 3-RUN HOME RUN (Flyball, 8RXD, EV 108.1 MPH), Distance : 459 ft
|
|
Batting: RHB Jim Vest
|
0-0: Ball 1-0: Called Strike 1-1: Ball 2-1: Ball 3-1: Ground out U3 (Groundball, 34S, EV 86.9 MPH)
|
|
Pitching: RHP Fernando Bautista
|
|
|
Pinch Hitting: RHB Julio Marte
|
0-0: Called Strike 0-1: Called Strike 0-2: Foul Ball, location: 2F 0-2: Foul Ball, location: 2F 0-2: Ball 1-2: Strikes out looking
|
| Bottom of the 8th over - 3 runs, 1 hit, 0 errors, 0 left on base; Fargo 1 - Williston 10 |
| TOP OF THE 9TH |
|
Fargo Brewmasters batting - Pitching for Williston Water Wolves : RHP Mike Warren
|
|
Now at 2B: Julio Marte
|
|
|
Pinch Hitting: RHB A.J. Hill
|
0-0: Foul Ball, location: 2F 0-1: Ball 1-1: SINGLE (Line Drive, 4M, EV 94.4 MPH)
|
|
Batting: RHB Juan Picart
|
0-0: Ball 1-0: Foul Ball, location: 2F 1-1: Foul Ball, location: 2F 1-2: Ball 2-2: Fly out, F8 (Flyball, 8RD, EV 96.9 MPH)
|
|
Batting: SHB Elton Hooker
|
0-0: Ball 1-0: Grounds into double play, 5-4-3 (Groundball, 5, EV 103.1 MPH)
|
| Top of the 9th over - 0 runs, 1 hit, 0 errors, 0 left on base; Fargo 1 - Williston 10 |
|